 Dungeon Crawl Stone Soup version 0.23-a0-49-gd9f7a49 (webtiles) character file.

43 Gruud the Grave Robber (level 3, 0/24 HPs)
             Began as a Demonspawn Necromancer on Aug 7, 2018.
             Succumbed to an adder's poison
             ... on level 2 of the Dungeon.
             The game lasted 00:04:03 (1243 turns).

Gruud the Grave Robber (Demonspawn Necromancer)     Turns: 1243, Time: 00:04:05

Health: 0/24       AC:  9    Str:  9    XL:     3   Next: 37%
Magic:  0/6        EV: 11    Int: 16    God:
Gold:   67         SH:  0    Dex: 13    Spells: 5/7 levels left

rFire    . . .     SeeInvis .   k - +0 mace
rCold    . . .     Gourm    .   (no shield)
rNeg     . . .     Faith    .   d - +0 leather armour
rPois    .         Spirit   .   (no helmet)
rElec    .         Reflect  .   (no cloak)
rCorr    .         Harm     .   (no gloves)
MR       .....                  (no boots)
Stlth    ++........             (no amulet)
HPRegen  0.08/turn              (no ring)
MPRegen  0.10/turn              (no ring)

@: lethally poisoned (0 -> -13), sanguine armour
A: demonic guardian 1, sanguine armour 1
a: no special abilities


You were on level 2 of the Dungeon.
You were not hungry.

You visited 1 branch of the dungeon, and saw 2 of its levels.

You collected 67 gold pieces.

Inventory:

Hand Weapons
 g - a +0 club
 k - a +0 mace (weapon)
Missiles
 b - 30 sling bullets
 l - 6 tomahawks (quivered)
Armour
 a - a +0 robe
 d - a +0 leather armour (worn)
Scrolls
 f - a scroll of fog {unknown}
 j - a scroll of enchant armour {unknown}
Potions
 e - a potion of curing {unknown}
 h - a potion of cancellation {unknown}
 i - a potion of haste
 m - a potion of magic {unknown}
 o - a potion of agility {unknown}
Comestibles
 c - 5 rations
 n - a chunk of flesh


   Skills:
 - Level 1.7 Dodging
 - Level 1.7 Stealth
 + Level 2.5 Spellcasting
 * Level 5.3 Necromancy


You had 5 spell levels left.
You knew the following spells:

 Your Spells              Type           Power        Failure   Level  Hunger
a - Pain                  Necr           ###.         3%          1    #......
b - Animate Skeleton      Necr           N/A          3%          1    #......

Your spell library contained the following spells:

 Spells                   Type           Power        Failure   Level  Hunger
 Animate Dead             Necr           N/A          30%         4    #####..
 Vampiric Draining        Necr           ###.......   9%          3    ###....
 Regeneration             Chrm/Necr      ##........   28%         3    ###....


Dungeon Overview and Level Annotations

Branches:
Dungeon (2/15)

Altars:


Innate Abilities, Weirdness & Mutations

A weak demonic guardian rushes to your aid.
When seriously injured, your bleeding wounds create armour. (AC +6)


Message History

You miss the adder.
The adder is almost dead.
The adder bites you but does no damage. The adder bites you.
* * * LOW HITPOINT WARNING * * *
You are lethally poisoned!
The adder poisons you!
Casting: Pain (safe; 3% risk of failure)
Confirm with . or Enter, or press ? or * to list all spells.
Aiming: Pain (safe; 3% risk of failure)
Press: ? - help, Shift-Dir - straight line, f/p - adder
Aim: an adder (almost dead, chance to defeat MR: 84%)
The adder writhes in agony!
* * * LOW HITPOINT WARNING * * *
You feel sick. The adder bites you.
* * * LOW HITPOINT WARNING * * *
You are more poisoned.
The adder poisons you!
You barely miss the adder.
The adder is almost dead.
You die...

.. #.# †. ... #. #.#
#.## ..###.##.# ...
.......####..###
#.).....#....
####....##.##..#
.........##.##..#
#.###....S@.....####
#..#....##÷.##.#
........#.....##.#
..##..####.##.###.###
. .... #.##.#.....#
..... #.#......#.#
##. #........#.# #.
##...#.....#
#.......####


You could see an adder.

Vanquished Creatures
  A worm (D:2)
  A dart slug (D:1)
  2 leopard geckos (D:1)
  2 giant cockroaches (D:1)
  4 goblins
  6 hobgoblins
  4 bats
  4 frilled lizards
  2 kobolds (D:1)
  11 rats
37 creatures vanquished.

Vanquished Creatures (collateral kills)
  A rat (D:1)
1 creature vanquished.

Grand Total: 38 creatures vanquished

Notes
Turn   | Place    | Note
-------+----------+-------------------------------------------
     0 | D:1      | Gruud the Demonspawn Necromancer began the quest for the Orb.
     0 | D:1      | Reached XP level 1. HP: 13/13 MP: 3/3
    32 | D:1      | Learned a level 1 spell: Animate Skeleton
   172 | D:1      | Gained mutation: When seriously injured, your bleeding wounds create armour. (AC +6) [demonic ancestry]
   172 | D:1      | Reached XP level 2. HP: 12/19 MP: 1/5
   260 | D:1      | Reached skill level 5 in Necromancy
   581 | D:1      | Gained mutation: A weak demonic guardian rushes to your aid. [demonic ancestry]
   581 | D:1      | Reached XP level 3. HP: 18/24 MP: 3/6
  1243 | D:2      | Succumbed to an adder's poison

Vault maps used:
D:1:      onia_arrival_mini_spirals, minmay_three_crescents
D:2:      minmay_item_behind_shaft

Skill      XL: |  1  2 |
---------------+-------+-----
Necromancy     | 5 |  5.3
Dodging        | |  1.7
Stealth        | |  1.7
Spellcasting   | |  2.5

Action                   || total
-------------------------++-------
Melee: Unarmed           ||     4
       Club              ||    21
       Mace              ||    36
Throw: Tomahawk          ||     9
 Cast: Pain              ||    46
       Animate Skeleton  ||     1
  Use: Scroll            ||     2
  Eat: Chunk             ||     2
Armor: Leather armour    ||    42
       Robe              ||     1
Dodge: Dodged            ||    56

Table legend:
 A = Spawn XP
 B = Non-spawn XP
 C = Spawn XP percentage of total XP
 D = Spawn monster count
 E = Non-spawn monster count
 F = Spawn count percentage of total count
 G = Total turns spent on level
                    A         B        C        D         E        F      G
               +---------+---------+-------+---------+---------+-------+---------
         Total |       0 |      62 |   0.0 |       0 |      38 |   0.0 |  1243
               +---------+---------+-------+---------+---------+-------+---------
           D:1 |       0 |      43 |   0.0 |       0 |      27 |   0.0 |  1004
           D:2 |       0 |      19 |   0.0 |       0 |      11 |   0.0 |   239
               +---------+---------+-------+---------+---------+-------+---------
